 Dungeon Crawl Stone Soup version 0.27-a0-1144-g0b7d3b79db (webtiles) character file.

Game seed: 10007126684161227104

21 HoaS the Twirler (level 2, 0/17 HPs)
             Began as a Gargoyle Gladiator on May 10, 2021.
             Slain by an orc
             ... wielding a +1 flail of holy wrath
              (9 damage)
             ... on level 2 of the Dungeon.
             The game lasted 00:01:41 (906 turns).

HoaS the Twirler (Gargoyle Gladiator)                Turns: 906, Time: 00:01:41

Health: 0/17       AC:  6    Str: 17    XL:     2   Next: 83%
Magic:  2/2        EV: 12    Int:  8    God:
Gold:   10         SH:  0    Dex: 11    Spells: 1/1 levels left

rFire    . . .     SeeInvis .   a - +0 quarterstaff
rCold    . . .     Faith    .   (shield currently unavailable)
rNeg     + . .     Spirit   .   b - +0 leather armour
rPois    ∞         Reflect  .   c - +0 helmet
rElec    +         Harm     .   (no cloak)
rCorr    .         Rampage  .   (no gloves)
Will     .....                  (no boots)
Stlth    +.........             (no amulet)
HPRegen  0.05/turn              (no ring)
MPRegen  0.08/turn              (no ring)

@: confused
A: sickness immunity, AC +2, negative energy resistance 1, electricity
resistance, torment resistance 1, petrification resistance
a: no special abilities


You were on level 2 of the Dungeon.
You visited 1 branch of the dungeon, and saw 2 of its levels.

You collected 10 gold pieces.

Inventory:

Hand Weapons
 a - a +0 quarterstaff (weapon)
Missiles
 d - 3 throwing nets (quivered)
 f - 33 arrows
Armour
 b - a +0 leather armour (worn)
 c - a +0 helmet (worn)
Potions
 e - a potion of attraction
 g - a potion of might
 h - 2 potions of heal wounds {unknown}
 i - a potion of flight {unknown}
 j - a potion of brilliance {unknown}


   Skills:
 - Level 2.1 Fighting
 + Level 4.0 Staves
 - Level 1.7 Throwing
 - Level 2.4 Dodging


You had one spell level left.
You didn't know any spells.
Your spell library was empty.

Dungeon Overview and Level Annotations

Branches:
Dungeon (2/15)

Altars:


Innate Abilities, Weirdness & Mutations

You are immune to sickness and miasma.
Your stone body is resilient. (AC +2)
You are immune to poison.
You resist negative energy. (rN+)
You are resistant to electric shocks. (rElec)
You are resistant to unholy torment.
You are immune to petrification.


Message History

You see here a +0 dagger.
You see here a +0 dagger.
Done exploring.
Done exploring.
Done exploring.
Search for what [? for help]? armor
(D) Dungeon
Where to? (? - help)
There is a stone staircase leading down here.
You climb downwards.
An orc wizard comes into view. It is wielding a +0 dagger.
The orc wizard shouts!
There is a stone staircase leading up here.
An orc wizard comes into view. It is wielding a +0 dagger.
The orc wizard shouts!
An orc comes into view.
It is wielding a +1 flail of holy wrath.
The orc wizard moves out of view.
The orc shouts!
The orc wizard hits you with a +0 dagger.
You completely miss the orc wizard.
The orc wizard hits you but does no damage.
The orc wizard misses you.
You barely miss the orc wizard.
The orc wizard points at you and mumbles some strange words.
You are confused.
The orc wizard misses you.
You are too confused!
You are too confused!
The orc wizard points at you and mumbles some strange words.
The magic dart hits you but does no damage.
You closely miss the orc wizard.
The orc wizard hits you with a +0 dagger.
You bump into the rock wall.
The orc wizard points at you and mumbles some strange words.
You are more confused.
The orc wizard gestures at you while chanting.
The magic dart hits you.
The orc hits you with a +1 flail of holy wrath!
Ouch! That really hurt!
You die...

#########
.......<#########
....###..#o.....#
# #......@o.....#
####...#o.......
#.#.........#
...##..##.#..#
..### ..## .....
# .... #.## .###
.# .# #


You could see 2 orc wizards and an orc.

Vanquished Creatures
  2 ball pythons (D:1)
  3 endoplasms (D:1)
  3 goblins (D:1)
  2 hobgoblins (D:1)
  A kobold (D:1)
  2 bats (D:1)
  2 frilled lizards (D:1)
  4 rats (D:1)
19 creatures vanquished.

Notes
Turn   | Place    | Note
-------+----------+-------------------------------------------
     0 | D:1      | HoaS the Gargoyle Gladiator began the quest for the Orb.
     0 | D:1      | Reached XP level 1. HP: 12/12 MP: 1/1
   124 | D:1      | Reached XP level 2. HP: 14/17 MP: 2/2
   448 | D:1      | Found a faded altar of an unknown god.
   719 | D:1      | Reached skill level 4 in Staves
   906 | D:2      | Slain by an orc

Illustrated notes

Levels and vault maps discovered:
D:1:      eino_arrival_tree_alley, layout_basic,
          hellmonk_ecumenical_altar_slurped_away
D:2:      layout_rooms, uniq_robin

Skill      XL: |  1  2 |
---------------+-------+-----
Staves         | 4 |  4.0
Fighting       | |  2.1
Throwing       | |  1.7
Dodging        | |  2.4

Action                   || total
-------------------------++-------
Melee: Quarterstaff      ||    52
  Use: Scroll            ||     2
Armor: Leather armour    ||    18
Dodge: Dodged            ||    29

Table legend: (Time is in decaauts)
 A = Elapsed time spent in this place.
 B = Non-inter-level travel time spent in this place.
 C = Inter-level travel time spent in this place.
 D = Time resting spent in this place.
 E = Time spent auto-exploring this place.
 F = Levels seen in this place.
 G = Mean time per level.
                   A        B        C        D        E       F      G
               +--------+--------+--------+--------+--------+-----+--------+
         Total |    911 |    897 |     14 |    306 |    467 |   2 |  455.5 |
       Dungeon |    911 |    897 |     14 |    306 |    467 |   2 |  455.5 |
               +--------+--------+--------+--------+--------+-----+--------+

Top non-repeatable levels by time:
     D:1: 903 daAuts
     D:2: 8 daAuts
